 Dungeon Crawl Stone Soup version 0.30-a0-272-gf98c3da03f (webtiles) character file.

Game seed: 17068527258981620233

57 freelancePsychic the Slasher (level 3, 0/30 HPs)
             Began as a Demigod Gladiator on Oct 15, 2022.
             Slain by an ufetubus (4 damage)
             ... on level 5 of the Dungeon.
             The game lasted 00:05:09 (1854 turns).

freelancePsychic the Slasher (Demigod Gladiator)    Turns: 1854, Time: 00:05:10

Health: 0/30       AC: 13    Str: 19      XL:     3   Next: 50%
Magic:  5/5        EV:  6    Int: 10      God:
Gold:   92         SH:  0    Dex: 13 (15) Spells: 2/2 levels left

rFire   . . .      SeeInvis .    a - +0 long sword
rCold   . . .      Faith    .    (no shield)
rNeg    . . .      Spirit   .    k - +0 plate armour
rPois   .          Reflect  .    c - +0 helmet
rElec   .          Harm     .    f - +1 cloak
rCorr   .          Rampage  .    (no gloves)
Will    .....                    (no boots)
Stlth   ..........               (no amulet)
HPRegen 0.25/turn                (no ring)
MPRegen 0.09/turn                (no ring)

@: no status effects
A: high MP 1, forlorn, divine attributes
a: no special abilities


You were on level 5 of the Dungeon.
You visited 1 branch of the dungeon, and saw 5 of its levels.

You collected 92 gold pieces.

Inventory:

Hand Weapons
 a - a +0 long sword (weapon)
Armour
 b - a +0 leather armour
 c - a +0 helmet (worn)
 f - a +1 cloak (worn)
 h - a +0 pair of gloves
 k - a +0 plate armour (worn)
Jewellery
 i - a ring of wizardry
 l - a ring of positive energy
 m - a ring of see invisible


   Skills:
 + Level 2.4 Fighting
 * Level 3.8 Long Blades
 - Level 1.7 Throwing
 + Level 0.4 Armour
 - Level 2.7 Dodging


You had 2 spell levels left.
You didn't know any spells.
Your spell library contained the following spells:

 Spells                   Type           Power      Damage    Failure   Level
 Static Discharge         Conj/Air       0%         2-2/arc   100%        2
 Vhi's Electric Charge    Tloc/Air       0%         N/A       100%        3
 Arcjolt                  Conj/Air       0%         1d10      100%        5
 Lightning Bolt           Conj/Air       0%         1d11      100%        5


Dungeon Overview and Level Annotations

Branches:
Dungeon (5/15)
 Temple: D:4-7

Shops:
D:1 =   D:2 *

Annotations:
D:3 Sigmund
D:4 Eustachio


Innate Abilities, Weirdness & Mutations

You have an increased reservoir of magic. (+10% MP)
You shall have no god before yourself.
Your divine heritage dramatically boosts your attributes as you level up.


Message History

Found a stone staircase leading down.
There is a stone staircase leading down here.
You hit Eustachio.
Eustachio is moderately wounded.
Eustachio hits you but does no damage.
You hit Eustachio but do no damage.
Eustachio is moderately wounded.
Eustachio barely misses you.
You slash Eustachio!
Eustachio is severely wounded.
Eustachio barely misses you.
You miss Eustachio.
Eustachio is severely wounded.
Eustachio hits you with a +0 rapier.
* * * LOW HITPOINT WARNING * * *
Eustachio casts a spell.
Eustachio blinks!
The bat hits you but does no damage. x2
You climb downwards.
The ufetubus shouts!
There is a stone staircase leading up here.
The ufetubus hits you.
* * * LOW HITPOINT WARNING * * *
The ufetubus hits you but does no damage.
You hit the ufetubus.
The ufetubus is almost dead.
The ufetubus closely misses you. The ufetubus barely misses you.
You miss the ufetubus.
The ufetubus is almost dead.
The ufetubus hits you but does no damage.
The ufetubus completely misses you.
The ufetubus hits you but does no damage. x2
You closely miss the ufetubus.
The ufetubus is almost dead.
The ufetubus hits you but does no damage. x4
You miss the ufetubus.
The ufetubus is almost dead.
The ufetubus hits you but does no damage.
The ufetubus barely misses you. The ufetubus hits you.
You die... ## .. #. #. #. #.######.# #.@5.....# ##########

You could see an ufetubus.

Vanquished Creatures
  2 adders (D:2)
  3 ball pythons
  4 bats
  6 endoplasms
  2 giant cockroaches (D:1)
  4 goblins
  3 hobgoblins
  A kobold (D:1)
  5 quokkas
  2 frilled lizards (D:1)
  3 rats (D:1)
35 creatures vanquished.

Vanquished Creatures (others)
  2 fungi (D:2)
  10 plants (D:2)
12 creatures vanquished.

Grand Total: 47 creatures vanquished

Notes
Turn   | Place    | Note
-------+----------+-------------------------------------------
     0 | D:1      | freelancePsychic the Demigod Gladiator began the quest for
                  | the Orb.
     0 | D:1      | Reached XP level 1. HP: 17/17 MP: 3/3
    72 | D:1      | Reached skill level 3 in Long Blades
    98 | D:1      | Found Ibyo's Jewellery Emporium.
   172 | D:1      | Reached XP level 2. HP: 24/24 MP: 4/4
   750 | D:2      | Found Kozxu's General Store.
   974 | D:2      | Reached XP level 3. HP: 24/29 MP: 5/5
  1453 | D:3      | Noticed Sigmund
  1559 | D:3      | Noticed a scorpion
  1704 | D:4      | Noticed Eustachio
  1846 | D:5      | Entered Level 5 of the Dungeon
  1854 | D:5      | Slain by an ufetubus

Illustrated notes

Levels and vault maps discovered:
D:1:      scummos_arrival_hexagon, layout_basic, serial_shops,
          nicolae_lakefront_shop
D:2:      layout_loops_cross, shapermc_ecumenical_altar_mp_ritualfount,
          serial_shops, nicolae_shop_hallway_stairs
D:3:      layout_rooms, kennysheep_ying_yang, gammafunk_temple_overflow_claw,
          evilmike_ruin_ashenzari, uniq_grinder, uniq_natasha, uniq_sigmund,
          uniq_crazy_yiuf_cottage, uniq_terence
D:4:      layout_loops_ring, nicolae_ru_the_path_less_chosen,
          gup_sewer_entry_spiral, uniq_eustachio
D:5:      layout_loops_ring, nemelex_diamond_rough_becter

Skill      XL: |  1 |
---------------+----+-----
Fighting       | 2 |  2.4
Long Blades    | 3 |  3.8
Throwing       | |  1.7
Armour         | |  0.4
Dodging        | |  2.7

Action                   || total
-------------------------++-------
Melee: Long sword        ||   189
       Punch             ||     2
Throw: Throwing net      ||     3
       Javelin           ||     1
  Use: Scroll            ||     4
       Potion            ||     1
 Stab: Held in net/web   ||     1
Armor: Leather armour    ||    34
       Plate armour      ||   126
Dodge: Dodged            ||   116

Table legend: (Time is in decaauts)
 A = Elapsed time spent in this place.
 B = Non-inter-level travel time spent in this place.
 C = Inter-level travel time spent in this place.
 D = Time resting spent in this place.
 E = Time spent auto-exploring this place.
 F = Levels seen in this place.
 G = Mean time per level.
                   A        B        C        D        E       F      G
               +--------+--------+--------+--------+--------+-----+--------+
         Total |   1875 |   1817 |     58 |      0 |   1288 |   5 |  375.0 |
       Dungeon |   1875 |   1817 |     58 |      0 |   1288 |   5 |  375.0 |
               +--------+--------+--------+--------+--------+-----+--------+

Top non-repeatable levels by time:
     D:1: 758 daAuts
     D:2: 749 daAuts
     D:4: 281 daAuts
     D:3: 78 daAuts
     D:5: 8 daAuts
